 Dungeon Crawl Stone Soup version 0.19.1 (webtiles) character file.

21012 Darkmans the Geomancer (level 12, -3/60 HPs)
             Began as a Gargoyle Earth Elementalist on Nov 30, 2016.
             Was an Elder of Vehumet.
             Slain by a hornet (8 damage)
             ... created by a shambling mangrove
             ... on level 2 of the Lair of Beasts.
             The game lasted 01:16:21 (15543 turns).

Darkmans the Geomancer (GrEE)                      Turns: 15543, Time: 01:16:24

Health: -3/60      AC: 20    Str: 14 (15) XL:     12   Next: 85%
Magic:  1/26       EV: 12    Int: 23 (24) God:    Vehumet [****..]
Gold:   778        SH:  0    Dex:  8 (11) Spells: 7 memorised, 6 levels left

rFire  x x .     SeeInvis .     u - +9 long sword of Haggiedi {slice, Str+2 Int+5}
rCold  + + .     Gourm    .     v - +1 ring mail of Cowardice {MR+ Regen+}
rNeg   + . .     Faith    .     (no shield)
rPois  ∞         Spirit   .     J - +2 hat
rElec  +         Reflect  .     q - +0 cloak {+Inv}
rCorr  .         Harm     +     (no gloves)
MR     +....                    (no boots)
Stlth  +.........               T - amulet of harm
                                k - ring of ice
                                L - ring of ice

@: no status effects
A: negative energy resistance 1, electricity resistance, unbreathing,
petrification resistance, rot immunity, AC +8
a: Renounce Religion, Evoke Invisibility


You were on level 2 of the Lair of Beasts.
You worshipped Vehumet.
Vehumet was greatly pleased with you.
You were near starving.

You visited 5 branches of the dungeon, and saw 16 of its levels.

You collected 778 gold pieces.

Inventory:

Hand Weapons
 a - a +1 dagger of venom
 u - the +9 long sword of Haggiedi (weapon) {slice, Str+2 Int+5}
   (You found it on level 4 of the Dungeon)

   It inflicts extra damage upon your enemies.
   It affects your strength (+2).
   It affects your intelligence (+5).
Missiles
 b - 430 stones (quivered)
Armour
 q - a +0 cloak of invisibility (worn)
 v - the +1 ring mail of Cowardice (worn) {MR+ Regen+}
   (You found it on level 4 of the Dungeon)

   It affects your resistance to hostile enchantments.
   It increases your rate of regeneration.
 J - a +2 hat (worn)
Magical Staves
 C - an uncursed staff of wizardry
Jewellery
 k - a ring of ice (right hand)
 w - an uncursed ring of magical power
 L - a ring of ice (left hand)
 T - an amulet of harm (around neck)
 X - an uncursed ring of ice
Wands
 c - a wand of acid (3/15)
 l - a wand of paralysis (5/24)
 o - a wand of polymorph (16/24)
Scrolls
 h - a scroll of blinking
 r - a scroll of remove curse
 x - a scroll of teleportation
 y - a scroll of magic mapping {unknown}
 B - 2 scrolls of recharging {unknown}
 D - a scroll of fog {unknown}
 F - a scroll of identify
 N - a scroll of holy word {unknown}
 U - a scroll of enchant armour {unknown}
Potions
 f - a potion of berserk rage {unknown}
 g - 4 potions of resistance
 i - a potion of might
 p - 2 potions of curing
 s - a potion of cancellation
 t - 4 potions of haste
 z - 3 potions of flight
 A - 2 potions of lignification
 E - a potion of cure mutation
 P - a potion of mutation {unknown}
Books
 e - a book of Geomancy

   Spells                             Type                      Level
   a - Sandblast                      Earth                        1
   b - Passwall                       Transmutation/Earth          2
   c - Stone Arrow                    Conjuration/Earth            3
   d - Petrify                        Transmutation/Earth          4
   e - Lee's Rapid Deconstruction     Earth                        5
 j - a book of Enchantments

   Spells                             Type                      Level
   a - Cause Fear                     Hexes                        4
   b - Yara's Violent Unravelling     Hexes/Transmutation          5
   c - Silence                        Hexes/Air                    5
   d - Deflect Missiles               Charms/Air                   6
   e - Discord                        Hexes                        8
 K - a book of Misfortune

   Spells                             Type                      Level
   a - Confusing Touch                Hexes                        1
   b - Confuse                        Hexes                        3
   c - Gell's Gravitas                Hexes/Translocation          3
   d - Petrify                        Transmutation/Earth          4
   e - Metabolic Englaciation         Hexes/Ice                    5
   f - Yara's Violent Unravelling     Hexes/Transmutation          5
 R - a book of Air

   Spells                             Type                      Level
   a - Shock                          Conjuration/Air              1
   b - Swiftness                      Charms/Air                   2
   c - Repel Missiles                 Charms/Air                   2
   d - Static Discharge               Conjuration/Air              3
   e - Lightning Bolt                 Conjuration/Air              5
Comestibles
 d - 2 bread rations
 n - 3 slices of pizza
 G - a meat ration
 H - a chunk of flesh
 W - 9 royal jellies


   Skills:
 - Level 0.7 Fighting
 - Level 10.0 Armour
 - Level 5.4 Dodging
 - Level 2.7 Stealth
 - Level 0.4 Unarmed Combat
 + Level 10.7 Spellcasting
 - Level 8.7 Conjurations
 - Level 4.8 Hexes
 - Level 0.7 Transmutations
 - Level 11.0 Earth Magic
 - Level 4.0 Poison Magic


You had 6 spell levels left.
You knew the following spells:

 Your Spells              Type           Power        Failure   Level  Hunger
b - Stone Arrow           Conj/Erth      ######       1%          3    None
c - Lee's Rapid Deconstr  Erth           ######....   1%          5    ####...
d - Mephitic Cloud        Conj/Pois/Air  ####....     1%          3    None
e - Petrify               Tmut/Erth      #####...     10%         4    #......
f - Swiftness             Chrm/Air       ##......     14%         2    None
g - Inner Flame           Hex/Fire       ###.....     3%          3    None
h - Iron Shot             Conj/Erth      ######....   7%          6    ######.


Dungeon Overview and Level Annotations

Branches:
Dungeon (11/15)            Temple (1/1) D:5            Lair (2/6) D:11
  Swamp (1/4) Lair:2        Snake (1/4) Lair:2
    Orc: D:9-12

Altars:
Ashenzari
Dithmenos
Fedhas
Kikubaaqudgha
Makhleb
Nemelex Xobeh
Okawaru
Qazlal
Ru
Sif Muna
Trog
Vehumet
Xom
Yredelemnul
Zin
The Shining One

Shops:
D:5 =   D:11 (

Annotations:
D:5 Darkmans's ghost, amateur DrCj
D:8 Psyche


Innate Abilities, Weirdness & Mutations

You are resistant to torment.
Your stone body is resilient. (AC +8)
You are immune to poison.
You resist negative energy. (rN+)
You are resistant to electric shocks. (rElec)
You can survive without breathing.
You are immune to petrification.
You are immune to rotting.


Message History

The hornet barely misses you.
Casting: Stone Arrow
Confirm with . or Enter, or press ? or * to list all spells.
Okay, then.
Okay, then.
It was a potion of cure mutation.
It has a very clean taste.
The hornet misses you.
You riposte.
Your ring mail of Cowardice prevents you from hitting the hornet.
The hornet is almost dead.
The hornet closely misses you.
You riposte.
You catch the helpless hornet completely off-guard!
You hit the hornet.
The hornet is moderately wounded.
It was a potion of degeneration.
There was something very wrong with that liquid.
You feel weakened.
You feel dopey.
You feel clumsy. The hornet stings you.
* * * LOW HITPOINT WARNING * * *
The hornet stings you!
You die...

#.P#.###......................#..
.>...............................
..............<♣♣♣♣...........+..
..#...........♣♣♣♣♣♣.........##..
..##..........♣≈§§§♣.............
..............♣≈§§§♣.............
..............♣≈.§§♣.............
....[........♣♣y.§≈♣♣[...........
.............♣♣≈@y≈♣♣..........÷.
.............♣♣≈..≈♣♣............
.............♣♣≈..≈♣♣............
.............♣♣≈..≈♣♣............
..)..........♣♣≈.♣≈♣♣............
..##.........♣♣♣..≈♣♣...........#
.............♣♣≈..≈♣♣...........#
..............♣≈..♣♣............#
..............♣≈♣.≈♣.......#....#


You could see 2 hornets.

Vanquished Creatures
  Erolcha (D:11)
  Fannar (D:11)
  3 hydras
  A shock serpent (Snake:1)
  3 hill giants
  An ugly thing (D:11)
  A cyclops (D:11)
  2 black mambas
  3 spiny frogs
  3 komodo dragons (Lair:2)
  A troll (D:9)
  A tyrant leech (Lair:2)
  3 hippogriffs
  Prince Ribbit (D:8)
  A hornet (D:9)
  8 blink frogs (Lair:1)
  A slime creature (D:11)
  A shadow (Swamp:1)
  3 wyverns
  8 yaks
  A basilisk (Lair:2)
  6 insubstantial wisps
  Menkaure (D:6)
  A mottled dragon (D:11)
  7 swamp worms
  A naga (Snake:1)
  3 porcupines (Lair:2)
  3 water moccasins
  A sky beast (D:7)
  2 black bears
  2 ice beasts
  6 orc warriors
  5 centaurs
  6 ogres
  A crocodile (Lair:2)
  A big kobold (D:7)
  8 bullfrogs
  A gnoll sergeant (D:10)
  A scorpion (D:7)
  4 killer bees (D:9)
  An electric eel (Lair:2)
  7 crimson imps
  2 bullfrog zombies
  2 hounds
  Crazy Yiuf (D:2)
  6 orc priests
  6 bullfrog skeletons
  4 jellies
  3 centaur skeletons
  18 orc wizards
  4 iguanas
  Natasha (twice) (D:2)
  8 worker ants
  4 hound skeletons
  2 howler monkey zombies
  17 gnolls
  15 adders
  2 shadow imps
  7 oozes
  An adder skeleton (D:5)
  A worm (D:3)
  2 dart slugs (D:1)
  10 leopard geckos
  73 orcs
  A ball python (D:2)
  3 giant cockroaches
  8 hobgoblins
  15 jackals
  13 kobolds
  5 quokkas
  6 bats
  6 frilled lizards
  5 goblins
  A jackal skeleton (D:6)
  A jackal zombie (D:5)
  4 rats
374 creatures vanquished.

Notes
Turn   | Place    | Note
-------+----------+-------------------------------------------
     0 | D:1      | Darkmans the Gargoyle Earth Elementalist began the quest for the Orb.
     0 | D:1      | Reached XP level 1. HP: 10/10 MP: 3/3
   253 | D:1      | Reached XP level 2. HP: 15/15 MP: 0/5
   728 | D:1      | Reached skill level 4 in Earth Magic
  1142 | D:1      | Reached XP level 3. HP: 18/19 MP: 3/6
  1365 | D:2      | Learned a level 3 spell: Stone Arrow
  1517 | D:2      | Found a faded altar of an unknown god.
  1531 | D:2      | Reached XP level 4. HP: 24/24 MP: 5/8
  1595 | D:2      | Found a runed door.
  1695 | D:2      | Found a sparkling altar of Nemelex Xobeh.
  1835 | D:2      | Noticed Natasha
  1837 | D:2      | Killed Natasha
  1837 | D:2      | Reached skill level 5 in Earth Magic
  1930 | D:2      | Reached XP level 5. HP: 28/28 MP: 0/10
  2091 | D:2      | Noticed Natasha
  2096 | D:2      | Killed Natasha
  2139 | D:2      | Noticed Crazy Yiuf
  2144 | D:2      | Killed Crazy Yiuf
  2525 | D:3      | Reached XP level 6. HP: 30/33 MP: 5/11
  2786 | D:3      | Reached skill level 6 in Earth Magic
  2864 | D:3      | Found an iron altar of Okawaru.
  3139 | D:3      | Learned a level 5 spell: Lee's Rapid Deconstruction
  3385 | D:4      | Reached skill level 1 in Conjurations
  3510 | D:4      | Got an ichor-stained long sword
  3511 | D:4      | Identified the +9 long sword of Haggiedi {slice, Str+2 Int+5} (You found it on level 4 of the Dungeon)
  3678 | D:4      | Got a faintly glowing ring mail
  3689 | D:4      | Identified the +1 ring mail of Cowardice {MR+ Regen+} (You found it on level 4 of the Dungeon)
  3883 | D:4      | Reached XP level 7. HP: 37/37 MP: 8/13
  4326 | D:3      | Reached skill level 7 in Earth Magic
  4577 | D:5      | Entered Level 5 of the Dungeon
  4838 | D:5      | Found a staircase to the Ecumenical Temple.
  4846 | Temple   | Entered the Ecumenical Temple
  4905 | Temple   | Became a worshipper of Vehumet
  4982 | D:5      | Reached XP level 8. HP: 41/42 MP: 6/14
  5365 | D:5      | Reached skill level 8 in Earth Magic
  5541 | D:5      | Found Qushuogo's Jewellery Boutique.
  5751 | D:5      | Noticed Darkmans's ghost (amateur DrCj)
  5790 | D:6      | Noticed Menkaure
  5796 | D:6      | Killed Menkaure
  6101 | D:6      | Reached * piety under Vehumet
  6101 | D:6      | Offered knowledge of Sting by Vehumet.
  6158 | D:6      | Reached skill level 5 in Conjurations
  6299 | D:6      | Reached skill level 9 in Earth Magic
  6299 | D:6      | Reached XP level 9. HP: 46/46 MP: 1/15
  7639 | D:7      | Reached skill level 5 in Dodging
  8112 | D:7      | Reached ** piety under Vehumet
  8112 | D:7      | Offered knowledge of Throw Frost by Vehumet.
  8279 | D:7      | Reached skill level 10 in Earth Magic
  8560 | D:8      | Noticed Psyche
  8693 | D:8      | Noticed Prince Ribbit
  8698 | D:8      | Killed Prince Ribbit
  8698 | D:8      | Reached skill level 5 in Spellcasting
  8747 | D:9      | Reached XP level 10. HP: 51/51 MP: 18/18
  8793 | D:9      | Offered knowledge of Mephitic Cloud by Vehumet.
  8849 | D:9      | Learned a level 3 spell: Mephitic Cloud
  8967 | D:9      | Reached skill level 11 in Earth Magic
  9054 | D:9      | Reached *** piety under Vehumet
  9306 | D:9      | Learned a level 4 spell: Petrify
  9430 | D:9      | Offered knowledge of Olgreb's Toxic Radiance by Vehumet.
  9557 | D:10     | Entered Level 10 of the Dungeon
  9814 | D:10     | Noticed a hill giant
  9840 | D:10     | Noticed a hill giant
 10462 | D:9      | Reached skill level 1 in Poison Magic
 10736 | D:9      | Killed a hill giant
 10877 | D:10     | Reached **** piety under Vehumet
 10949 | D:10     | Killed a hill giant
 10949 | D:10     | Reached XP level 11. HP: 40/55 MP: 7/22
 11507 | D:10     | Noticed a hill giant
 11513 | D:10     | Killed a hill giant
 11513 | D:10     | Offered knowledge of Inner Flame by Vehumet.
 12052 | D:11     | Found Toucridgh's Antique Weapon Shop.
 12102 | D:11     | Noticed a seven-headed hydra
 12107 | D:11     | Killed a seven-headed hydra
 12107 | D:11     | Reached skill level 5 in Armour
 12211 | D:11     | Noticed Erolcha
 12219 | D:11     | Killed Erolcha
 12496 | D:11     | Noticed a cyclops
 12501 | D:11     | Killed a cyclops
 12713 | D:11     | Noticed Fannar
 12725 | D:11     | Killed Fannar
 12800 | D:11     | Noticed a cyan ugly thing
 12805 | D:11     | Killed a cyan ugly thing
 12919 | D:11     | Found a staircase to the Lair.
 12923 | D:11     | Learned a level 2 spell: Swiftness
 13060 | Lair:1   | Entered Level 1 of the Lair of Beasts
 13358 | Lair:1   | Reached XP level 12. HP: 60/60 MP: 15/25
 13395 | Lair:1   | Reached ***** piety under Vehumet
 13395 | Lair:1   | Reached skill level 10 in Spellcasting
 13402 | Lair:1   | Learned a level 3 spell: Inner Flame
 13771 | Lair:2   | Reached skill level 1 in Hexes
 13990 | Lair:2   | Offered knowledge of Iron Shot by Vehumet.
 14007 | Lair:2   | Learned a level 6 spell: Iron Shot
 14132 | Lair:2   | Noticed an eight-headed hydra
 14143 | Lair:2   | Killed an eight-headed hydra
 14487 | Lair:2   | Found a staircase to the Snake Pit.
 14574 | Snake:1  | Entered Level 1 of the Snake Pit
 14613 | Snake:1  | Noticed a shock serpent
 14617 | Snake:1  | Killed a shock serpent
 14731 | Snake:1  | Noticed a naga sharpshooter
 14732 | Snake:1  | Noticed a naga warrior
 14901 | Lair:2   | Reached skill level 10 in Armour
 14946 | Lair:2   | Found a staircase to the Swamp.
 15059 | Swamp:1  | Entered Level 1 of the Swamp
 15505 | Swamp:1  | Noticed a four-headed hydra
 15509 | Swamp:1  | Killed a four-headed hydra
 15543 | Lair:2   | Slain by a hornet

Skill      XL: |  1  2  3  4  5  6  7  8  9 10 11 12 |
---------------+-------------------------------------+-----
Earth Magic    | 4 5 6 7 9 10 11 | 11.0
Spellcasting   | 3 4 5 7 9 10 | 10.7
Conjurations   | 1 3 5 6 8 |  8.7
Dodging        | 3 4 5 |  5.4
Poison Magic   | 4 |  4.0
Armour         | 2 7 10 | 10.0
Hexes          | 4 |  4.8
Fighting       | |  0.7
Stealth        | |  2.7
Unarmed Combat | |  0.4
Transmutations | |  0.7

Action                   |  1- 3 |  4- 6 |  7- 9 | 10-12 || total
-------------------------+-------+-------+-------+-------++-------
Melee: Unarmed           |    24 |       |       |       ||    24
       Long sword        |       |       |   113 |   162 ||   275
Throw: Stone             |       |       |     1 |       ||     1
 Cast: Sandblast         |    54 |   116 |    83 |    46 ||   299
       Stone Arrow       |       |     1 |    82 |   191 ||   274
       Lee's Rapid Decon |       |     1 |     3 |     3 ||     7
       Petrify           |       |       |       |     9 ||     9
       Mephitic Cloud    |       |       |       |     9 ||     9
       Swiftness         |       |       |       |     4 ||     4
       Iron Shot         |       |       |       |    38 ||    38
       Inner Flame       |       |       |       |     1 ||     1
  Use: Scroll            |       |     2 |     5 |     4 ||    11
       Potion            |       |       |     1 |     7 ||     8
 Stab: Sleeping          |     1 |       |     1 |       ||     2
       Petrified         |       |       |       |    11 ||    11
       Confused          |       |       |       |     1 ||     1
  Eat: Chunk             |     2 |     2 |    14 |    18 ||    36
       Fruit             |       |     2 |       |       ||     2
       Meat ration       |       |     1 |       |       ||     1
       Beef jerky        |       |       |     1 |     2 ||     3
       Bread ration      |       |       |     1 |     3 ||     4
       Royal jelly       |       |       |       |     1 ||     1
Armor: Robe              |    35 |       |       |       ||    35
       Leather armour    |       |    32 |       |       ||    32
       Ring mail         |       |     6 |   135 |   176 ||   317
       Skin              |       |       |       |    10 ||    10
Dodge: Dodged            |    63 |    60 |   140 |   222 ||   485
       Rpst.: Long sword |       |     3 |    32 |    69 ||   104
